MID
KANE COUNTY COUGARS @ FORT WAYNE TINCAPS
07/17/2044
 
TOP OF THE 1ST
Kane County Cougars batting - Pitching for Fort Wayne TinCaps : LHP Blaine Whitmore
Pitching: LHP Blaine Whitmore
Batting: LHB Willie Gutierrez 0-0: Called Strike
0-1: Called Strike
0-2: Ball
1-2: Foul Ball, location: 2F
1-2: Foul Ball, location: 2F
1-2: Ball
2-2: Ball
3-2: Strikes out looking
Batting: LHB T.J. Duvall 0-0: Called Strike
0-1: Ball
1-1: Ball
2-1: Called Strike
2-2: SINGLE (Groundball, 34, EV 101.9 MPH)
Batting: RHB Dave Vargas 0-0: SINGLE (Line Drive, 9S, EV 100.6 MPH)
T.J. Duvall to second
Runner from 2nd tries for 3rd, SAFE, throw by RF made to third
Batting: RHB Matt Maxwell 0-0: Ball
Dave Vargas steals 2nd base (no throw)
1-0: Called Strike
1-1: Called Strike
1-2: Ball
2-2: Ball
3-2: Strikes out swinging
Batting: RHB John Pena 0-0: Ball
1-0: Ball
2-0: Swinging Strike
2-1: Foul Ball, location: 2F
2-2: Foul Ball, location: 2F
2-2: Foul Ball, location: 2F
2-2: Foul Ball, location: 2F
2-2: Ground out 4-3 (Groundball, 4, EV 90.0 MPH)
Top of the 1st over - 0 runs, 2 hits, 0 errors, 2 left on base; Kane County 0 - Fort Wayne 0
BOTTOM OF THE 1ST
Fort Wayne TinCaps batting - Pitching for Kane County Cougars : RHP Eric Richards
Pitching: RHP Eric Richards
Batting: SHB Adam Martin 0-0: Called Strike
0-1: Called Strike
0-2: Ball
1-2: Foul Ball, location: 2F
1-2: Foul Ball, location: 2F
1-2: Foul Ball, location: 2F
1-2: Ball
2-2: Strikes out swinging
Batting: RHB Rodolfo Rivera 0-0: Ball
1-0: Called Strike
1-1: Ball
2-1: SINGLE (Groundball, 56, EV 100.0 MPH)
Batting: LHB James Sousa 0-0: Ball
1-0: Foul Ball, location: 2F
1-1: Ball
2-1: Ball
3-1: Base on Balls
Rodolfo Rivera to second
Batting: RHB Mike Maserang 0-0: Called Strike
0-1: Ball
James Sousa steals 2nd base
Rodolfo Rivera steals 3rd base
1-1: Swinging Strike
1-2: Ground out 6-3 (Groundball, 6, EV 105.6 MPH)
Rodolfo Rivera scores
Batting: SHB Yutaro Takahashi 0-0: Foul Ball, location: 2F
0-1: Ball
1-1: Ground out 5-3 (Groundball, 56, EV 81.9 MPH)
Bottom of the 1st over - 1 run, 1 hit, 0 errors, 1 left on base; Kane County 0 - Fort Wayne 1
TOP OF THE 2ND
Kane County Cougars batting - Pitching for Fort Wayne TinCaps : LHP Blaine Whitmore
Batting: RHB Marlon Reda 0-0: Ball
1-0: Foul Ball, location: 2F
1-1: Foul Ball, location: 2F
1-2: Strikes out swinging
Batting: RHB Jake Hodge 0-0: Ball
1-0: Ball
2-0: Foul Ball, location: 2F
2-1: DOUBLE (Line Drive, 5D, EV 97.5 MPH)
Batting: LHB Brian Nielsen 0-0: Called Strike
0-1: Ball
1-1: Foul Ball, location: 2F
1-2: Strikes out looking
Batting: RHB Jason Rivers 0-0: Ball
1-0: Called Strike
1-1: Fly out, F9 (Flyball, 9LM, EV 88.1 MPH)
Top of the 2nd over - 0 runs, 1 hit, 0 errors, 1 left on base; Kane County 0 - Fort Wayne 1
BOTTOM OF THE 2ND
Fort Wayne TinCaps batting - Pitching for Kane County Cougars : RHP Eric Richards
Batting: SHB Josh Parker 0-0: Foul Ball, location: 2F
0-1: Ball
1-1: Foul Ball, location: 2F
1-2: Ball
2-2: Foul Ball, location: 2F
2-2: SOLO HOME RUN (Flyball, 9D, EV 98.8 MPH), Distance : 388 ft
Batting: LHB Mike Schermerhorn 0-0: SOLO HOME RUN (Flyball, 7LD, EV 90.0 MPH), Distance : 338 ft
Batting: RHB Rich Justice 0-0: Called Strike
0-1: Called Strike
0-2: Ground out 4-3 (Groundball, 4, EV 109.4 MPH)
Batting: RHB Nelson Trujillo 0-0: Called Strike
0-1: Swinging Strike
0-2: Ball
1-2: Strikes out swinging
Batting: SHB Adam Martin 0-0: Ball
1-0: Foul Ball, location: 2F
1-1: Ball
2-1: Ball
3-1: TRIPLE (Flyball, 9D, EV 108.1 MPH)
Batting: RHB Rodolfo Rivera 0-0: Swinging Strike
0-1: Ball
1-1: Ball
2-1: Fly out, F7 (Flyball, 78S, EV 88.8 MPH)
Bottom of the 2nd over - 2 runs, 3 hits, 0 errors, 1 left on base; Kane County 0 - Fort Wayne 3
TOP OF THE 3RD
Kane County Cougars batting - Pitching for Fort Wayne TinCaps : LHP Blaine Whitmore
Batting: LHB Willie Gutierrez 0-0: Ball
1-0: Called Strike
1-1: Swinging Strike
1-2: Ground out U3 (Groundball, 3D, EV 90.6 MPH)
Batting: LHB T.J. Duvall 0-0: Called Strike
0-1: Ball
1-1: Ball
2-1: Ball
3-1: Base on Balls
Batting: RHB Dave Vargas 0-0: Ball
1-0: Foul Ball, location: 2F
1-1: Called Strike
T.J. Duvall steals 2nd base
1-2: Strikes out swinging
Batting: RHB Matt Maxwell 0-0: Ball
1-0: Ball
2-0: Ball
3-0: Base on Balls
Batting: RHB John Pena 0-0: Called Strike
0-1: Ball
1-1: SINGLE (Groundball, 6D, EV 103.8 MPH)
T.J. Duvall to third
Matt Maxwell to second
Runner from 3rd tries for Home, SAFE, throw by CF to home
Batting: RHB Marlon Reda 0-0: Ground out 4-3 (Groundball, 34, EV 91.2 MPH)
Top of the 3rd over - 1 run, 1 hit, 0 errors, 2 left on base; Kane County 1 - Fort Wayne 3
BOTTOM OF THE 3RD
Fort Wayne TinCaps batting - Pitching for Kane County Cougars : RHP Eric Richards
Batting: LHB James Sousa 0-0: Called Strike
0-1: Ball
1-1: Swinging Strike
1-2: Strikes out swinging
Batting: RHB Mike Maserang 0-0: Called Strike
0-1: SINGLE (Line Drive, 6MD, EV 96.2 MPH)
Batting: SHB Yutaro Takahashi 0-0: Foul Ball, location: 2F
0-1: Ball
1-1: Called Strike
1-2: Ball
2-2: Ball
3-2: Strikes out swinging
Batting: SHB Josh Parker 0-0: Ball
1-0: Swinging Strike
1-1: Foul Ball, location: 2F
1-2: Ball
2-2: Ball
3-2: Fly out, F4 (Flyball, 34D, EV 91.2 MPH)
Bottom of the 3rd over - 0 runs, 1 hit, 0 errors, 1 left on base; Kane County 1 - Fort Wayne 3
TOP OF THE 4TH
Kane County Cougars batting - Pitching for Fort Wayne TinCaps : LHP Blaine Whitmore
Batting: RHB Jake Hodge 0-0: Ball
1-0: Called Strike
1-1: Swinging Strike
1-2: Strikes out swinging
Batting: LHB Brian Nielsen 0-0: Ball
1-0: Ball
2-0: Ball
3-0: Base on Balls
Batting: RHB Jason Rivers 0-0: Ball
1-0: Called Strike
1-1: Reached on error, E6 (Groundball, 56, EV 85.0 MPH)
Brian Nielsen to second
Batting: LHB Willie Gutierrez 0-0: Called Strike
0-1: Called Strike
Brian Nielsen steals 3rd base
Jason Rivers to second
0-2: Strikes out swinging
Batting: LHB T.J. Duvall 0-0: Ball
1-0: Swinging Strike
1-1: Swinging Strike
1-2: Strikes out swinging
Top of the 4th over - 0 runs, 0 hits, 1 error, 2 left on base; Kane County 1 - Fort Wayne 3
BOTTOM OF THE 4TH
Fort Wayne TinCaps batting - Pitching for Kane County Cougars : RHP Eric Richards
Batting: LHB Mike Schermerhorn 0-0: Called Strike
0-1: Ball
1-1: DOUBLE (Line Drive, 3D, EV 98.1 MPH)
Batting: RHB Rich Justice 0-0: Swinging Strike
0-1: Ball
1-1: Ball
2-1: Foul Ball, location: 2F
2-2: Foul Ball, location: 2F
2-2: Ball
3-2: Ground out 6-3 (Groundball, 56, EV 100.6 MPH)
Batting: RHB Nelson Trujillo 0-0: Called Strike
0-1: Called Strike
0-2: Ball
1-2: Strikes out looking
Batting: SHB Adam Martin 0-0: Ball
1-0: Ball
2-0: Ball
3-0: Called Strike
3-1: Base on Balls
Batting: RHB Rodolfo Rivera 0-0: Called Strike
0-1: Swinging Strike
0-2: Strikes out swinging
Bottom of the 4th over - 0 runs, 1 hit, 0 errors, 2 left on base; Kane County 1 - Fort Wayne 3
TOP OF THE 5TH
Kane County Cougars batting - Pitching for Fort Wayne TinCaps : LHP Blaine Whitmore
Batting: RHB Dave Vargas 0-0: Fly out, F8 (Flyball, 8LM, EV 94.4 MPH)
Batting: RHB Matt Maxwell 0-0: Ball
1-0: Ball
2-0: Called Strike
2-1: Ball
3-1: SINGLE (Flyball, 8RS, EV 92.5 MPH)
Pitching: RHP Marcus Hill
Batting: RHB John Pena 0-0: Swinging Strike
0-1: Swinging Strike
0-2: Strikes out swinging
Batting: RHB Marlon Reda 0-0: Ball
1-0: Called Strike
1-1: Ground out 2-3 (Groundball, 2L, EV 70.0 MPH)
Top of the 5th over - 0 runs, 1 hit, 0 errors, 1 left on base; Kane County 1 - Fort Wayne 3
BOTTOM OF THE 5TH
Fort Wayne TinCaps batting - Pitching for Kane County Cougars : RHP Eric Richards
Pitching: RHP Andy Jensen
Batting: LHB James Sousa 0-0: Called Strike
0-1: Ball
1-1: Ball
2-1: Ground out 4-3 (Groundball, 4, EV 86.9 MPH)
Batting: RHB Mike Maserang 0-0: Fly out, F7 (Flyball, 7, EV 80.0 MPH)
Batting: SHB Yutaro Takahashi 0-0: Called Strike
0-1: Ball
1-1: Ball
2-1: Ball
3-1: Called Strike
3-2: Strikes out looking
Bottom of the 5th over - 0 runs, 0 hits, 0 errors, 0 left on base; Kane County 1 - Fort Wayne 3
TOP OF THE 6TH
Kane County Cougars batting - Pitching for Fort Wayne TinCaps : RHP Marcus Hill
Batting: RHB Jake Hodge 0-0: Called Strike
0-1: Foul Ball, location: 2F
0-2: Ball
1-2: Foul Ball, location: 2F
1-2: Ball
2-2: Strikes out looking
Batting: LHB Brian Nielsen 0-0: Called Strike
0-1: Foul Ball, location: 2F
0-2: Ball
1-2: SINGLE (Groundball, 34D, EV 100.0 MPH)
Batting: RHB Jason Rivers 0-0: Hit by Pitch
Brian Nielsen to second
Batting: LHB Willie Gutierrez 0-0: Called Strike
0-1: Foul Ball, location: 2F
0-2: Ball
1-2: Strikes out looking
Batting: LHB T.J. Duvall 0-0: Ball
1-0: Ground out 4-3 (Groundball, 4, EV 108.1 MPH)
Top of the 6th over - 0 runs, 1 hit, 0 errors, 2 left on base; Kane County 1 - Fort Wayne 3
BOTTOM OF THE 6TH
Fort Wayne TinCaps batting - Pitching for Kane County Cougars : RHP Andy Jensen
Batting: SHB Josh Parker 0-0: Ball
1-0: Ball
2-0: Foul Ball, location: 2F
2-1: Ball
3-1: Base on Balls
Batting: LHB Mike Schermerhorn 0-0: Called Strike
0-1: Swinging Strike
0-2: Strikes out swinging
Batting: RHB Rich Justice 0-0: Called Strike
0-1: Swinging Strike
0-2: Foul Ball, location: 2F
0-2: Ball
1-2: Ball
2-2: Strikes out swinging
Batting: RHB Nelson Trujillo 0-0: Ball
1-0: Ground out 6-3 (Groundball, 6MD, EV 99.4 MPH)
Bottom of the 6th over - 0 runs, 0 hits, 0 errors, 1 left on base; Kane County 1 - Fort Wayne 3
TOP OF THE 7TH
Kane County Cougars batting - Pitching for Fort Wayne TinCaps : RHP Marcus Hill
Pitching: RHP Eddie Starks
Now in LF: Davey Verhoog
Now in CF: Nelson Trujillo
Batting: RHB Dave Vargas 0-0: Ball
1-0: DOUBLE (Flyball, 8RXD, EV 110.6 MPH)
Batting: RHB Matt Maxwell 0-0: Swinging Strike
0-1: Called Strike
Dave Vargas steals 3rd base
0-2: Ball
1-2: Strikes out swinging
Batting: RHB John Pena 0-0: Called Strike
0-1: Ball
1-1: Called Strike
1-2: Ball
2-2: Ball
3-2: Strikes out looking
Batting: RHB Marlon Reda 0-0: Swinging Strike
0-1: Foul Ball, location: 2F
0-2: Foul Ball, location: 2F
0-2: Ball
1-2: Ball
2-2: SINGLE (Flyball, 3D, EV 89.4 MPH)
Dave Vargas scores
Batting: RHB Jake Hodge 0-0: Ball
1-0: Called Strike
1-1: Swinging Strike
1-2: Foul Ball, location: 2F
1-2: Strikes out swinging
Top of the 7th over - 1 run, 2 hits, 0 errors, 1 left on base; Kane County 2 - Fort Wayne 3
BOTTOM OF THE 7TH
Fort Wayne TinCaps batting - Pitching for Kane County Cougars : RHP Andy Jensen
Pitching: RHP Rich Garces
Batting: SHB Adam Martin 0-0: Ball
1-0: Foul Ball, location: 2F
1-1: Called Strike
1-2: Foul Ball, location: 2F
1-2: Foul Ball, location: 2F
1-2: Ground out 1-3 (Groundball, 34S, EV 71.2 MPH)
Batting: RHB Rodolfo Rivera 0-0: Ball
1-0: Fly out, F8 (Flyball, 89M, EV 83.1 MPH)
Batting: LHB James Sousa 0-0: Ground out 4-3 (Groundball, 4, EV 88.8 MPH)
Bottom of the 7th over - 0 runs, 0 hits, 0 errors, 0 left on base; Kane County 2 - Fort Wayne 3
TOP OF THE 8TH
Kane County Cougars batting - Pitching for Fort Wayne TinCaps : RHP Eddie Starks
Pitching: RHP Travis White
Batting: LHB Brian Nielsen 0-0: Ball
1-0: Ball
2-0: Ball
3-0: Base on Balls
Batting: RHB Jason Rivers 0-0: Sac Bunt to 2R - play at first, batter OUT! 2-4
Brian Nielsen to second
Batting: LHB Willie Gutierrez 0-0: Ball
1-0: Ball
2-0: Ball
3-0: Base on Balls
Batting: LHB T.J. Duvall 0-0: Ball
1-0: Called Strike
1-1: Called Strike
1-2: Strikes out swinging
Batting: RHB Dave Vargas 0-0: Called Strike
0-1: Foul Ball, location: 2F
0-2: Ball
1-2: Ball
2-2: Fly out, F8 (Flyball, 8LD, EV 103.1 MPH)
Top of the 8th over - 0 runs, 0 hits, 0 errors, 2 left on base; Kane County 2 - Fort Wayne 3
BOTTOM OF THE 8TH
Fort Wayne TinCaps batting - Pitching for Kane County Cougars : RHP Rich Garces
Batting: RHB Mike Maserang 0-0: Ball
1-0: Ball
2-0: Foul Ball, location: 2F
2-1: Ball
3-1: DOUBLE (Groundball, 5L, EV 103.1 MPH)
Batting: RHB Davey Verhoog 0-0: Ball
1-0: Foul Ball, location: 2F
1-1: Foul Ball, location: 2F
1-2: Ball
2-2: Foul Ball, location: 2F
2-2: Foul Ball, location: 2F
2-2: Ball
3-2: Ground out 1-3 (Groundball, 15S, EV 70.6 MPH)
Batting: SHB Josh Parker 0-0: Called Strike
0-1: Ground out 4-3 (Groundball, 34, EV 90.6 MPH)
Mike Maserang to third
Batting: LHB Mike Schermerhorn 0-0: Called Strike
0-1: Foul Ball, location: 2F
0-2: Foul Ball, location: 2F
0-2: Strikes out looking
Bottom of the 8th over - 0 runs, 1 hit, 0 errors, 1 left on base; Kane County 2 - Fort Wayne 3
TOP OF THE 9TH
Kane County Cougars batting - Pitching for Fort Wayne TinCaps : RHP Travis White
Pitching: RHP Roman Baines
Batting: RHB Matt Maxwell 0-0: Ball
1-0: Ball
2-0: Foul Ball, location: 2F
2-1: Foul Ball, location: 2F
2-2: SINGLE (Line Drive, 89S, EV 111.9 MPH)
Batting: RHB John Pena 0-0: Called Strike
0-1: Swinging Strike
0-2: SINGLE (Groundball, P, EV 85.0 MPH) (infield hit)
Matt Maxwell to second
Batting: RHB Marlon Reda 0-0: Ball
1-0: Foul Ball, location: 2F
1-1: Sac Bunt to 15S - play at first, batter OUT! 1-4
Matt Maxwell to third
John Pena to second
Batting: RHB Jake Hodge 0-0: Ball
1-0: Foul Ball, location: 2F
1-1: Foul Ball, location: 2F
1-2: Foul Ball, location: 2F
1-2: Strikes out swinging
Batting: LHB Brian Nielsen 0-0: Intentional Walk
Pinch Hitting: LHB Ron Tipton 0-0: Ball
1-0: Called Strike
1-1: Ball
2-1: Ground out 5-3 (Groundball, 5S, EV 86.9 MPH)
Top of the 9th over - 0 runs, 2 hits, 0 errors, 3 left on base; Kane County 2 - Fort Wayne 3
Thursday, March 31st , 2022 - OOTP Baseball 22.12 Build 89